 Dungeon Crawl Stone Soup version 0.31.0-11-ge490571c62 (webtiles) character file.

Game seed: 7397583704214043722

6 Bravepunisher the Ducker (level 1, 0/11 HPs)
             Began as a Spriggan Monk on Jan 26, 2024.
             Killed from afar by Blork the orc (11 damage)
             ... with a puff of flame
             ... on level 5 of the Dungeon.
             The game lasted 00:01:54 (299 turns).

Bravepunisher the Ducker (Spriggan Monk)             Turns: 299, Time: 00:01:55

Health: 0/11       AC:  2    Str:  7    XL:     1   Next: 75%
Magic:  2/2        EV: 19    Int: 11    God:
Gold:   9          SH:  0    Dex: 17    Spells: 0/0 levels left

rFire   . . .        d - +0 short sword (speed)
rCold   . . .        (no shield)
rNeg    . . .        b - +0 robe
rPois   .            (helmet restricted)
rElec   .            (no cloak)
rCorr   .            (gloves unavailable)
SInv    +            (boots unavailable)
Will    .....        (no amulet)
Stlth   ++           (no ring)
HPRegen 0.21/turn    (no ring)
MPRegen 0.08/turn

%: no passive effects
@: very quick
A: very small, no large weapons, unfitting armour, see invisible, speed 3
a: no special abilities


You were on level 5 of the Dungeon.
You visited 1 branch of the dungeon, and saw 5 of its levels.

You collected 9 gold pieces.

Inventory:

Hand Weapons
 d - a +0 short sword of speed (weapon)
Armour
 b - a +0 robe (worn)
Wands
 e - a wand of flame (26)
Potions
 a - 2 potions of heal wounds {unknown}
 c - a potion of ambrosia


   Skills:
 * Level 2.7 Fighting
 - Level 3.2 Short Blades
 + Level 4.2 Dodging


You couldn't memorise any spells.
You didn't know any spells.
Your spell library was empty.

Dungeon Overview and Level Annotations

Branches:
Dungeon (5/15)
 Temple: D:4-7

Altars:

Annotations:
D:5 Blork the orc


Innate Abilities, Weirdness & Mutations

You are very small and have problems with some larger weapons.
You are too small for most types of armour.
You have supernaturally acute eyesight. (SInv)
You cover ground extremely quickly. (Speed+++)


Message History

You open the door.
There is an open door here.
You open the door.
There is an open door here.
You open the door.
Found 5 gold pieces.
There is an open door here.
You open the door.
A quokka comes into view.
There is an open door here.
There is an open door here.
Blork the orc comes into view.
He is wielding a +0 flail.
Found a stone staircase leading down.
Blork the orc shouts!
There is an open door here.
You hit the quokka.
The quokka is severely wounded.
The quokka misses you.
You hit the quokka.
The quokka is almost dead.
You hit the quokka.
You kill the quokka!
You see here a quokka corpse.
You see here a quokka corpse.
There is an open door here.
Blork the orc attacks as he pursues you!
Blork the orc barely misses you.
There is an open door here.
You open the door.
There is an open door here.
Blork the orc casts a spell at you. The puff of flame misses you.
Blork the orc miscasts a cantrip.
There is an open door here.
Blork the orc attacks as he pursues you!
Blork the orc completely misses you.
Blork the orc gestures at you while chanting.
The puff of flame hits you!
Ouch! That really hurt!
You die...

#....$...............
#....................
#....................
#....................
#......o...........>.
###'###################
#.....................
#.....................
#.o..@................
##'####..##'##...#####'
#.....#####.##...###...
#.....#............#...
#.....#............#...
#.....#............#...
#.....#............#...
#.....#............#...
#.....#............#...


You could see Blork the orc.

Vanquished Creatures
  An endoplasm (D:3)
  A quokka (D:5)
  3 bats
  A kobold (D:2)
  A rat (D:1)
7 creatures vanquished.

Notes
Turn   | Place    | Note
-------+----------+-------------------------------------------
     0 | D:1      | Bravepunisher the Spriggan Monk began the quest for the
                  | Orb.
     0 | D:1      | Reached XP level 1. HP: 11/11 MP: 2/2
   197 | D:4      | Noticed an iguana
   220 | D:5      | Entered Level 5 of the Dungeon
   260 | D:5      | Noticed Blork the orc
   299 | D:5      | Killed from afar by Blork the orc

Illustrated notes

Levels and vault maps discovered:
D:1:      matt_arrival_grand_opening, layout_basic
D:2:      layout_loops_corners, hellmonk_ecumenical_altar_arch_garden,
          grunt_decor_cap, uniq_crazy_yiuf_cottage
D:3:      layout_basic, hangedman_abyss_or_decor_lesser_grid, grunt_ministairs_1
D:4:      layout_basic, minmay_snake_closets
D:5:      layout_gridville, nicolae_qazlal_scattered_showers,
          minmay_temple_entry_antechambers, uniq_ijyb, uniq_edmund,
          uniq_blork_the_orc, uniq_sigmund

Action                     || total
---------------------------++-------
  Melee: Short sword       ||    20
         Punch             ||     1
   Stab: Sleeping          ||     1
 Armour: Robe              ||     4
  Dodge: Dodged            ||    26
